 Dungeon Crawl Stone Soup version 0.22.1-1-ga44c0e5 (webtiles) character file.

2228 brandon the Thaumaturge (level 9, -2/52 HPs)
             Began as a Deep Elf Fire Elementalist on Oct 7, 2018.
             Was an Initiate of Vehumet.
             Slain by an orc warrior
             ... wielding a +0 glaive
              (14 damage)
             ... on level 6 of the Dungeon.
             The game lasted 00:19:52 (6410 turns).

brandon the Thaumaturge (DEFE)                      Turns: 6410, Time: 00:19:53

Health: -2/52      AC:  6    Str:  2    XL:     9   Next: 14%
Magic:  23/34      EV: 13    Int: 24    God:    Vehumet [......]
Gold:   145        SH:  0    Dex: 15    Spells: 13/28 levels left

rFire    . . .     SeeInvis +   d - +9 whip "Jellyslayer" {venom, +Rage rPois rN++ Str-3}
rCold    . . .     Gourm    +   (no shield)
rNeg     + + .     Faith    .   a - +0 robe
rPois    +         Spirit   .   g - +0 helmet
rElec    .         Reflect  .   (no cloak)
rCorr    .         Harm     .   B - +2 pair of gloves
MR       .....                  (no boots)
Stlth    ++........             b - amulet of the gourmand
HPRegen  0.17/turn              x - ring of see invisible
MPRegen  0.24/turn              q - ring of magical power

@: no status effects
A: no striking features
a: Renounce Religion, Evoke Berserk Rage


You were on level 6 of the Dungeon.
You worshipped Vehumet.
Vehumet was noncommittal.
You were very full.

You visited 2 branches of the dungeon, and saw 7 of its levels.
You also visited: Sewer.

You collected 376 gold pieces.
You spent 231 gold pieces at shops.

Inventory:

Hand Weapons
 d - the +9 whip "Jellyslayer" (weapon) {venom, +Rage rPois rN++ Str-3}
   (You found it on level 6 of the Dungeon)

   It poisons the flesh of those it strikes.
   It affects your strength (-3).
   It protects you from poison.
   It greatly protects you from negative energy.
   It lets you go berserk.
Armour
 a - a +0 robe (worn)
 g - a +0 helmet (worn)
 B - a +2 pair of gloves (worn)
Jewellery
 b - an amulet of the gourmand (around neck)
 q - a ring of magical power (right hand)
 x - a ring of see invisible (left hand)
 F - a cursed -3 ring of intelligence {unknown}
Wands
 p - a wand of digging (6)
 t - a wand of random effects (35)
 y - a wand of acid (6)
Scrolls
 e - a scroll of remove curse
 h - a scroll of blinking
 i - 2 scrolls of fog
 m - 3 scrolls of enchant armour {unknown}
 o - a scroll of fear {unknown}
 w - 2 scrolls of magic mapping
 A - 2 scrolls of enchant weapon {unknown}
 C - a scroll of amnesia {unknown}
 D - a scroll of teleportation {unknown}
 E - a scroll of torment {unknown}
Potions
 f - 3 potions of degeneration
 j - a potion of mutation
 k - 8 potions of flight
 l - 6 potions of heal wounds
 n - a potion of invisibility {unknown}
 r - 6 potions of curing
 s - a potion of might {unknown}
 u - a potion of lignification {unknown}
 v - a potion of agility {unknown}
 z - 3 potions of haste
Comestibles
 c - 7 rations
 G - 7 chunks of flesh


   Skills:
 + Level 4.3 Fighting
 - Level 2.4 Dodging
 - Level 2.4 Stealth
 * Level 10.4 Spellcasting
 + Level 5.9 Conjurations
 + Level 6.8 Fire Magic


You had 13 spell levels left.
You knew the following spells:

 Your Spells              Type           Power        Failure   Level  Hunger
a - Flame Tongue          Conj/Fire      #####        1%          1    None
b - Throw Flame           Conj/Fire      #####.       1%          2    None
c - Conjure Flame         Conj/Fire      #####...     1%          3    None
d - Sticky Flame          Conj/Fire      #####...     3%          4    None
e - Fireball              Conj/Fire      #####.....   11%         5    ####...

Your spell library contained the following spells:

 Spells                   Type           Power        Failure   Level  Hunger
 Inner Flame              Hex/Fire       ####....     3%          3    None


Dungeon Overview and Level Annotations

Branches:
Dungeon (6/15)             Temple (1/1) D:5

Altars:
Ashenzari
Cheibriados
Elyvilon
Fedhas
Hepliaklqana
Kikubaaqudgha
Makhleb
Nemelex Xobeh
Okawaru
Qazlal
Ru
Sif Muna
Trog
Uskayaw
Vehumet
Wu Jian
Xom
Yredelemnul
Zin
The Shining One

Shops:
D:4 !*(}


Message History

Vehumet accepts your kill.
The fireball engulfs the orc wizard.
You kill the orc wizard!
Vehumet accepts your kill. The orc warrior barely misses you.
The orc wizard casts a spell at you.
You easily resist.
There is a stone staircase leading up here.
Casting: Fireball (slightly dangerous; 11% risk of failure)
Confirm with . or Enter, or press ? or * to list all spells.
Aiming: Flame Tongue (safe; 1% risk of failure)
Press: ? - help, Shift-Dir - straight line, f - orc warrior
Aim: an orc warrior, wielding a glaive and wearing a plate armour (lightly The flame tongue hits the orc warrior.
The orc warrior appears unharmed.
The orc warrior is lightly wounded.
The orc warrior hits you from afar with a glaive!!
Ouch! That really hurt!
* * * LOW HITPOINT WARNING * * *
The orc warrior hits you from afar with a glaive!
You die...

#..............# ###
#..............# ..#
#..............# ..#
#..............#
..###...............
##.................#
.######..........### .<##
##..######.# .# .##..###5##
#@## ...# ## #.....#
#..#######...# ####..#
#####o##.......#.
##.####...#............
#######...####.............#
#.....5.#...####...........#
#.###...###................#
#..##...................)..#
##.#########..##........))..


You could see an orc warrior.

Vanquished Creatures
  Pikel (D:5)
  Menkaure (D:5)
  A water moccasin (D:5)
  2 slaves (D:5)
  A sky beast (D:5)
  2 ogres (D:4)
  A centaur (D:5)
  4 big kobolds (Sewer)
  A bullfrog (D:6)
  A howler monkey (D:4)
  2 bullfrog zombies (D:5)
  A crimson imp (D:6)
  3 hounds
  A quasit (D:6)
  An orc priest (D:5)
  3 iguanas
  4 orc wizards
  6 worker ants
  A hound skeleton (D:4)
  Robin (D:4)
  A gnoll (D:1)
  A howler monkey skeleton (D:4)
  6 adders
  An ooze (D:1)
  2 worms (D:2)
  3 dart slugs
  4 leopard geckos
  16 orcs
  4 ball pythons
  10 bats
  13 giant cockroaches
  14 goblins
  6 hobgoblins
  17 kobolds
  5 quokkas
  9 frilled lizards
  A jackal skeleton (D:4)
  2 rats
153 creatures vanquished.

Vanquished Creatures (others)
  A frilled lizard (D:5)
1 creature vanquished.

Grand Total: 154 creatures vanquished

Notes
Turn   | Place    | Note
-------+----------+-------------------------------------------
     0 | D:1      | brandon the Deep Elf Fire Elementalist began the quest for
                  | the Orb.
     0 | D:1      | Reached XP level 1. HP: 10/10 MP: 6/6
    68 | D:1      | Reached XP level 2. HP: 16/16 MP: 4/8
   107 | D:1      | Learned a level 2 spell: Throw Flame
   368 | D:1      | Reached XP level 3. HP: 20/20 MP: 3/10
   469 | D:1      | Reached skill level 4 in Spellcasting
   718 | D:2      | Reached skill level 1 in Fighting
  1167 | D:2      | Found a bloodstained altar of Trog.
  1167 | D:2      | Found a glowing golden altar of the Shining One.
  1245 | D:2      | Reached XP level 4. HP: 25/25 MP: 9/12
  1270 | D:2      | Learned a level 3 spell: Conjure Flame
  1275 | D:2      | Learned a level 4 spell: Sticky Flame
  1357 | D:2      | Found an ornate altar of the Wu Jian Council.
  1656 | D:3      | You fall through a shaft for 2 floors!
  1656 | D:5      | Entered Level 5 of the Dungeon
  1677 | D:5      | Noticed Menkaure
  1695 | D:5      | Killed Menkaure
  1695 | D:5      | Reached skill level 5 in Spellcasting
  1695 | D:5      | Reached XP level 5. HP: 17/30 MP: 0/15
  1827 | D:4      | Noticed Robin
  1884 | D:4      | Killed Robin
  2120 | D:3      | Found a glowing drain.
  2124 | D:3      | Reached XP level 6. HP: 32/35 MP: 12/16
  2132 | Sewer    | Entered a sewer
  2368 | Sewer    | Reached skill level 6 in Spellcasting
  2595 | Sewer    | Learned a level 5 spell: Fireball
  3214 | Sewer    | Reached XP level 7. HP: 34/40 MP: 19/19
  3345 | D:3      | Reached skill level 7 in Spellcasting
  3397 | D:4      | Reached skill level 5 in Fire Magic
  4086 | D:4      | Found Kimewk's Antique Weapon Shoppe.
  4217 | D:4      | Found Liereof's General Store.
  4226 | D:4      | Bought a potion of degeneration for 11 gold pieces
  4380 | D:4      | Found Duetoise's Distillery.
  4502 | D:4      | Bought a potion of haste for 110 gold pieces
  4502 | D:4      | Bought a potion of haste for 110 gold pieces
  4695 | D:4      | Reached skill level 8 in Spellcasting
  4787 | D:4      | Found Utzeik Hamu's Gadget Shoppe.
  4938 | D:5      | Reached XP level 8. HP: 26/46 MP: 22/22
  5182 | D:5      | Found a staircase to the Ecumenical Temple.
  5268 | Temple   | Entered the Ecumenical Temple
  5359 | Temple   | Became a worshipper of Vehumet
  5480 | D:5      | Noticed Pikel
  5494 | D:5      | Reached skill level 5 in Conjurations
  5617 | D:5      | Killed Pikel
  5617 | D:5      | Reached skill level 9 in Spellcasting
  5789 | D:5      | Reached skill level 10 in Spellcasting
  5826 | D:5      | Found a sparkling altar of Nemelex Xobeh.
  6049 | D:6      | Reached XP level 9. HP: 42/52 MP: 25/25
  6310 | D:6      | Got an ichor-stained whip
  6311 | D:6      | Identified the +9 whip "Jellyslayer" {venom, +Rage rPois
                  | rN++ Str-3} (You found it on level 6 of the Dungeon)
  6410 | D:6      | Slain by an orc warrior

Skill      XL: |  1  2  3  4  5  6  7  8 |
---------------+-------------------------+-----
Spellcasting   | 4 5 6 8 10 | 10.4
Fighting       | 1 2 3 4 |  4.3
Conjurations   | 2 3 4 5 |  5.9
Fire Magic     | 4 5 6 |  6.8
Dodging        | |  2.4
Stealth        | |  2.4

Action                   |  1- 3 |  4- 6 |  7- 9 || total
-------------------------+-------+-------+-------++-------
Melee: Dagger            |     1 |    10 |   101 ||   112
       Whip              |       |       |    16 ||    16
 Cast: Flame Tongue      |    52 |    71 |    94 ||   217
       Throw Flame       |    10 |    16 |    16 ||    42
       Conjure Flame     |       |     2 |     4 ||     6
       Sticky Flame      |       |     4 |    20 ||    24
       Fireball          |       |       |     6 ||     6
  Use: Scroll            |       |     8 |     5 ||    13
       Potion            |       |     1 |       ||     1
  Eat: Chunk             |     1 |     7 |    22 ||    30
Armor: Robe              |     8 |    10 |    38 ||    56
Dodge: Dodged            |    24 |    44 |    78 ||   146
